 Dungeon Crawl Stone Soup version 0.20.1-1-g8b1a95d (webtiles) character file.

136 McKennaii the Conjurer (level 4, -2/33 HPs)
             Began as a Demigod Conjurer on Aug 26, 2017.
             Killed by divine providence
             ... invoked by an orc priest
              (9 damage)
             ... on level 3 of the Dungeon.
             The game lasted 00:02:36 (2094 turns).

McKennaii the Conjurer (Demigod Conjurer)           Turns: 2094, Time: 00:02:37

Health: -2/33      AC:  2    Str: 11    XL:     4   Next: 67%
Magic:  6/19       EV: 13    Int: 26    God:
Gold:   167        SH:  0    Dex: 16    Spells: 3/8 levels left

rFire    . . .     SeeInvis .   (no weapon)
rCold    . . .     Gourm    .   (no shield)
rNeg     . . .     Faith    .   a - +0 robe
rPois    .         Spirit   .   (no helmet)
rElec    .         Reflect  .   (no cloak)
rCorr    .         Harm     .   (no gloves)
MR       .....                  (no boots)
Stlth    +.........             (no amulet)
Regen    0.2/turn               k - ring of magical power
MPRegen  0.2/turn               (no ring)

@: confused, brilliant, very slightly contaminated
A: high mp 1
a: no special abilities


You were on level 3 of the Dungeon.
You were hungry.

You visited 1 branch of the dungeon, and saw 3 of its levels.

You collected 167 gold pieces.

Inventory:

Armour
 a - a +0 robe (worn)
Jewellery
 k - a ring of magical power (left hand)
Scrolls
 e - 2 scrolls of identify {unknown}
 h - 3 scrolls of remove curse {unknown}
 j - a scroll of blinking {unknown}
 n - a scroll of noise {unknown}
Potions
 g - a potion of resistance {unknown}
 l - a potion of mutation {unknown}
 o - a potion of agility {unknown}
 p - a potion of curing {unknown}
Books
 b - a book of Conjurations

   Spells                             Type                      Level
   a - Magic Dart                     Conjuration                  1
   b - Searing Ray                    Conjuration                  2
   c - Dazzling Spray                 Conjuration/Hexes            3
   d - Fulminant Prism                Conjuration/Hexes            4
   e - Force Lance                    Conjuration/Translocation    4
   f - Iskenderun's Mystic Blast      Conjuration                  4
Comestibles
 c - a bread ration
 i - 2 meat rations
 m - 2 royal jellies
 q - a chunk of flesh


   Skills:
 + Level 2.1 Dodging
 + Level 1.7 Stealth
 + Level 0.3 Unarmed Combat
 * Level 2.6 Spellcasting
 * Level 5.0 Conjurations


You had 3 spell levels left.
You knew the following spells:

 Your Spells              Type           Power        Failure   Level  Hunger
a - Magic Dart            Conj           ####         1%          1    None
b - Iskenderun's Mystic   Conj           #####...     1%          4    ####...


Dungeon Overview and Level Annotations

Branches:
Dungeon (3/15)


Innate Abilities, Weirdness & Mutations

You have an increased reservoir of magic. (+10% MP)


Message History

Confirm with . or Enter, or press ? or * to list all spells.
Aiming: Magic Dart
Press: ? - help, Shift-Dir - straight line, f/p - orc priest
Aim: an orc priest, wielding a whip The magic dart hits the orc priest.
The orc priest is moderately wounded.
The orc priest calls down the wrath of Beogh upon you.
Beogh smites you!
* * * LOW HITPOINT WARNING * * *
It was a potion of brilliance.
You feel clever all of a sudden.
You are feeling hungry.
The orc priest hits you with a whip.
* * * LOW HITPOINT WARNING * * *
It was a potion of ambrosia.
You are confused.
You feel invigorated.
The orc priest mumbles some strange prayers to Beogh against you.
Beogh smites you!
You die...

#... #.# ... ##+##
##.#### #.# #.....#
#.# ###.÷...# #.###
##.#.....# #.#.#
.####....†...#####....
.'...)................
.####o.)##.#######....
#.@.....# #####.#.#
#.#####.# #........
#.# #.# #.###.### #(#
#.###.# # #.# #.##..#
# #.# #.##.#### ...
#........ #.#
####.#### #.# #.# #


You could see an orc priest.

Vanquished Creatures
  An orc priest (D:3)
  5 adders
  A dart slug (D:2)
  3 leopard geckos
  5 orcs (D:3)
  2 ball pythons
  4 giant cockroaches
  2 goblins
  3 hobgoblins
  3 jackals (D:1)
  9 bats
  4 frilled lizards
  7 kobolds
  4 rats
53 creatures vanquished.

Notes
Turn   | Place    | Note
-------+----------+-------------------------------------------
     0 | D:1      | McKennaii the Demigod Conjurer began the quest for the Orb.
     0 | D:1      | Reached XP level 1. HP: 14/14 MP: 5/5
    36 | D:1      | You fall through a shaft!
    41 | D:2      | Reached skill level 4 in Conjurations
   137 | D:2      | Reached XP level 2. HP: 20/20 MP: 5/7
   441 | D:2      | Reached XP level 3. HP: 26/26 MP: 4/8
   516 | D:2      | Found a blossoming altar of Fedhas.
  1868 | D:3      | Reached XP level 4. HP: 33/33 MP: 10/10
  1892 | D:3      | Learned a level 4 spell: Iskenderun's Mystic Blast
  2090 | D:3      | Reached skill level 5 in Conjurations
  2094 | D:3      | Killed from afar by an orc priest

Skill      XL: |  1  2  3  4 |
---------------+-------------+-----
Conjurations   | 4 5 |  5.0
Spellcasting   | 2 |  2.6
Dodging        | 2 |  2.1
Stealth        | |  1.7
Unarmed Combat | |  0.3

Action                   |  1- 3 |  4- 6 || total
-------------------------+-------+-------++-------
Melee: Unarmed           |    10 |       ||    10
 Cast: Magic Dart        |    79 |    26 ||   105
       Iskenderun's Myst |       |     1 ||     1
  Use: Potion            |     1 |     2 ||     3
  Eat: Chunk             |     3 |     1 ||     4
Armor: Robe              |     3 |       ||     3
Dodge: Dodged            |     9 |     4 ||    13
